 Dungeon Crawl Stone Soup version 0.31-a0-229-g1fc7ce93e2 (webtiles) character file.

Game seed: 13107344927389707440

471 7w4c the Chiller (level 7, -2/47 HPs)
             Began as a Human Ice Elementalist on July 6, 2023.
             Was a Follower of Sif Muna.
             Slain by an ogre
             ... wielding a +0 giant club
              (23 damage)
             ... on level 5 of the Dungeon.
             The game lasted 00:19:03 (3893 turns).

7w4c the Chiller (Human Ice Elementalist)           Turns: 3893, Time: 00:19:03

Health: -2/47      AC:  6    Str:  9    XL:     7   Next: 31%
Magic:  0/13       EV: 12    Int: 17    God:    Sif Muna [*.....]
Gold:   169        SH:  0    Dex: 13    Spells: 3/14 levels left

rFire   + . .        c - +0 dagger (venom)
rCold   . . .        (no shield)
rNeg    . . .        a - +1 robe
rPois   +            k - +1 helmet
rElec   .            d - +0 cloak
rCorr   +            (no gloves)
SInv    .            (no boots)
Will    .....        i - amulet "Poosm" {Spirit rPois rF+}
Stlth   ++           e - ring of resist corrosion
HPRegen 0.27/turn    (no ring)
MPRegen 0.13/turn

%: guardian spirit
@: freezing walls
A: no striking features
a: Renounce Religion, Channel Magic


You were on level 5 of the Dungeon.
You worshipped Sif Muna.
Sif Muna was aware of your devotion.
You visited 1 branch of the dungeon, and saw 5 of its levels.

You collected 169 gold pieces.

Inventory:

Hand Weapons
 c - a +0 dagger of venom (weapon)
Armour
 a - a +1 robe (worn)
 d - a +0 cloak (worn)
 k - a +1 helmet (worn)
Jewellery
 e - a ring of resist corrosion (left hand)
 i - the amulet "Poosm" (around neck) {Spirit rPois rF+}
   (You acquired it on level 2 of the Dungeon)

   [amulet of guardian spirit]

   It causes incoming damage to be divided between your reserves of health and
   magic.
   rF:        It protects you from fire.
   rPois:     It protects you from poison.
Wands
 o - a wand of charming (6)
Scrolls
 f - a scroll of teleportation
 j - a scroll of immolation
 l - a scroll of identify
 r - a scroll of butterflies
Potions
 b - a potion of degeneration {unknown}
 g - a potion of heal wounds {unknown}
 h - 2 potions of might {unknown}
 m - a potion of attraction {unknown}
 n - a potion of enlightenment {unknown}
 p - a potion of berserk rage {unknown}
 q - a potion of haste {unknown}


   Skills:
 + Level 0.8 Fighting
 + Level 1.4 Short Blades
 + Level 2.8 Dodging
 + Level 2.7 Stealth
 + Level 4.3 Spellcasting
 + Level 6.1 Ice Magic


You had 3 spell levels left.
You knew the following spells:

 Your Spells              Type           Power      Damage    Failure   Level
a - Freeze                Ice            96%        1d10      1%          1
b - Ozocubu's Armour      Ice            24%        N/A       3%          3
c - Frozen Ramparts       Ice            48%        1d8       3%          3
d - Summon Ice Beast      Ice/Summ       14%        N/A       41%         4

Your spell library contained the following spells:

 Spells                   Type           Power      Damage    Failure   Level
 Slow                     Hex            12%        N/A       16%         1
 Gell's Gravitas          Tloc           3%         N/A       43%         3
 Summon Guardian Golem    Hex/Summ       3%         N/A       43%         3
 Teleport Other           Tloc           3%         N/A       43%         3
 Dispersal                Tloc           1%         N/A       100%        6
 Necromutation            Tmut/Necr      1%         N/A       100%        8


Dungeon Overview and Level Annotations

Branches:
Dungeon (5/15)
 Temple: D:4-7

Altars:
Hepliaklqana
Sif Muna

Shops:
D:4 *(


Message History

Confirm with . or Enter, or press ? or * to list all spells.
Casting: Frozen Ramparts (dangerous; 4% risk of failure)
Press: ? - help, Dir - look around, f - activate The walls around you are covered in ice.
The wall freezes the hound.
The hound closely misses you.
The wall freezes the scorpion.
The scorpion barely misses you.
You hit the hound.
The hound is poisoned.
The hound is moderately wounded.
The wall freezes the hound.
The hound barely misses you.
The wall freezes the scorpion but does no damage.
The scorpion stings you.
The wall freezes the hound.
The hound misses you.
You hit the hound.
The hound looks even sicker.
You punch the hound.
The hound is almost dead.
You kill the hound!
Sif Muna accepts your kill.
The wall freezes the scorpion.
The scorpion misses you. The ogre completely misses you.
You hit the orc priest.
The orc priest is poisoned.
The orc priest is lightly wounded.
The wall freezes the scorpion but does no damage.
The scorpion stings you but does no damage.
You hit the orc priest but do no damage.
The orc priest looks as sick as possible!
The orc priest is moderately wounded.
The ogre hits you with a +0 giant club!!
The wall freezes the scorpion.
The scorpion closely misses you.
The wall freezes the orc priest!
You kill the orc priest!
Sif Muna accepts your kill.
Casting: Frozen Ramparts (dangerous; 3% risk of failure)
Confirm with . or Enter, or press ? or * to list all spells.
Aiming: Freeze (safe; 1% risk of failure)
Press: ? - help, Shift-Dir - straight line, f - scorpion
Aim: a scorpion (moderately wounded)
You freeze the scorpion.
The scorpion is heavily wounded.
The wall freezes the scorpion but does no damage.
The scorpion stings you but does no damage.
The ogre hits you with a +0 giant club!!
You die...

#......#.....
#####......<...##
..........?......
.................
♣♣♣♣♣....$.......
♣♣...........
♣♣.<....>....
♣..$s)O......
♣...#@..##...
......##### ##
.....## ######


You could see an ogre and a scorpion.

Vanquished Creatures
  4 hounds
  3 orc priests
  Jessica (D:2)
  Natasha (D:2)
  An iguana (D:4)
  An orc wizard (D:4)
  3 gnolls (D:3)
  4 adders
  4 dart slugs
  10 orcs
  6 endoplasms
  3 giant cockroaches
  7 goblins
  8 hobgoblins
  A quokka (D:1)
  7 ball pythons
  6 bats
  4 frilled lizards
  13 kobolds
  4 rats
91 creatures vanquished.

Notes
Turn   | Place    | Note
-------+----------+-------------------------------------------
     0 | D:1      | 7w4c the Human Ice Elementalist began the quest for the
                  | Orb.
     0 | D:1      | Reached XP level 1. HP: 13/13 MP: 3/3
   290 | D:1      | Reached XP level 2. HP: 17/19 MP: 3/5
   979 | D:1      | Reached XP level 3. HP: 24/24 MP: 4/6
  1251 | D:2      | Learned a level 3 spell: Ozocubu's Armour
  1274 | D:2      | Noticed Jessica
  1349 | D:2      | Killed Jessica
  1350 | D:2      | Reached XP level 4. HP: 26/30 MP: 4/8
  1503 | D:2      | Learned a level 3 spell: Frozen Ramparts
  1522 | D:2      | Found a shimmering blue altar of Sif Muna.
  1542 | D:2      | Became a worshipper of Sif Muna the Loreminder
  1606 | D:2      | Found a faded altar of an unknown god.
  1671 | D:2      | Identified a scroll of acquirement
  1671 | D:2      | Acquired the amulet "Poosm" {Spirit rPois rF+}
  1964 | D:2      | Noticed Natasha
  1971 | D:2      | Killed Natasha
  1972 | D:2      | Reached skill level 5 in Ice Magic
  1972 | D:2      | Reached XP level 5. HP: 31/35 MP: 2/9
  2640 | D:3      | Found the +5 robe of Misfortune {Harm *Corrode *Slow EV+5}
  2677 | D:3      | Reached * piety under Sif Muna
  2678 | D:3      | Reached XP level 6. HP: 39/42 MP: 4/10
  2686 | D:3      | Learned a level 4 spell: Summon Ice Beast
  2933 | D:3      | Found a hazy altar of Hepliaklqana.
  3138 | D:4      | Reached skill level 1 in Short Blades
  3187 | D:4      | Found Wawot's Whimsical Warehouse.
  3318 | D:4      | Found Cien's Antique Weapon Emporium.
  3388 | D:4      | Got Gikhlyosi's Tractate on the Cunning Shift
  3628 | D:4      | Reached XP level 7. HP: 40/47 MP: 5/13
  3637 | D:4      | Reached skill level 6 in Ice Magic
  3877 | D:5      | Entered Level 5 of the Dungeon
  3893 | D:5      | Slain by an ogre

Illustrated notes

Levels and vault maps discovered:
D:1:      psy_arrival_spokes, layout_loops_corners, minmay_misc_feat_diagonals,
          minivault_23
D:2:      layout_basic, nicolae_ecumenical_snake_handling, basic_altar,
          uniq_natasha, uniq_jessica
D:3:      layout_rooms, nicolae_hepliaklqana_hippocampus
D:4:      layout_loops_ring, serial_shops, shop, st_stairs_9,
          nicolae_alphabet_shops
D:5:      layout_rooms, nicolae_gozag_cash_rules_everything_around_me,
          gammafunk_temple_overflow_wave, nrook_campfire

Skill      XL: |  1  2  3  4  5  6  7 |
---------------+----------------------+-----
Ice Magic      | 5 6 |  6.1
Spellcasting   | 3 4 |  4.3
Short Blades   | 1 |  1.4
Fighting       | |  0.8
Dodging        | |  2.8
Stealth        | |  2.7

Action                     |  1- 3 |  4- 6 |  7- 9 || total
---------------------------+-------+-------+-------++-------
  Melee: Unarmed           |     3 |       |       ||     3
         Dagger            |     9 |    49 |    15 ||    73
         Short sword       |    11 |       |       ||    11
         Punch             |       |     1 |     2 ||     3
   Cast: Freeze            |    26 |    72 |     1 ||    99
         Ozocubu's Armour  |     1 |     1 |       ||     2
         Frozen Ramparts   |       |     3 |     1 ||     4
    Use: Scroll            |     3 |     5 |       ||     8
         Potion            |       |     2 |       ||     2
   Stab: Sleeping          |     1 |     4 |       ||     5
 Armour: Robe              |    11 |    36 |     9 ||    56
  Dodge: Dodged            |    22 |    68 |    14 ||   104

Table legend: (Time is in decaauts)
 A = Elapsed time spent in this place.
 B = Non-inter-level travel time spent in this place.
 C = Inter-level travel time spent in this place.
 D = Time resting spent in this place.
 E = Time spent auto-exploring this place.
 F = Levels seen in this place.
 G = Mean time per level.
                   A        B        C        D        E       F      G
               +--------+--------+--------+--------+--------+-----+--------+
         Total |   3887 |   3814 |     73 |      0 |   2911 |   5 |  777.4 |
       Dungeon |   3887 |   3814 |     73 |      0 |   2911 |   5 |  777.4 |
               +--------+--------+--------+--------+--------+-----+--------+

Top non-repeatable levels by time:
     D:1: 1219 daAuts
     D:2: 992 daAuts
     D:4: 832 daAuts
     D:3: 826 daAuts
     D:5: 15 daAuts
